 Dungeon Crawl Stone Soup version 0.30.1-11-g7821555f0a (webtiles) character file.

Game seed: 9224776935581697538

81 CaptainMV the Charlatan (level 4, -11/36 HPs)
             Began as a Naga Wanderer on Jan 16, 2024.
             Mangled by an iguana (13 damage)
             ... on level 4 of the Dungeon.
             The game lasted 00:12:26 (1603 turns).

CaptainMV the Charlatan (Naga Wanderer)             Turns: 1603, Time: 00:12:26

Health: -11/36     AC:  4    Str: 16    XL:     4   Next: 42%
Magic:  3/5        EV:  9    Int: 12    God:
Gold:   133        SH:  0    Dex: 11    Spells: 4/5 levels left

rFire   . . .        a - +2 quarterstaff
rCold   . . .        (shield currently unavailable)
rNeg    . . .        e - +1 leather armour
rPois   +            (no helmet)
rElec   .            (no cloak)
rCorr   .            (no gloves)
SInv    +            (no barding)
Will    .....        l - amulet of the acrobat
Stlth   +            (no ring)
HPRegen 0.26/turn    (no ring)
MPRegen 0.09/turn

%: acrobat
@: very slightly contaminated, very slow
A: AC +1, large, see invisible, deformed body, poison resistance, slowness 2,
spit poison 1, naga tail 1
a: Spit Poison


You were on level 4 of the Dungeon.
You visited 1 branch of the dungeon, and saw 4 of its levels.

You collected 133 gold pieces.

Inventory:

Hand Weapons
 a - a +2 quarterstaff (weapon)
Missiles
 g - 4 atropa-tipped darts (quivered)
Armour
 e - a +1 leather armour (worn)
Jewellery
 h - a ring of resist corrosion
 l - an amulet of the acrobat (around neck)
Wands
 c - a wand of flame (5)
Scrolls
 b - 3 scrolls of fog
 d - 2 scrolls of blinking
 f - 2 scrolls of identify {unknown}
 k - a scroll of teleportation
Potions
 i - a potion of mutation {unknown}
 j - a potion of curing {unknown}
 m - 2 potions of degeneration {unknown}


   Skills:
 + Level 0.2 Fighting
 + Level 3.2 Staves
 + Level 1.5 Armour
 + Level 0.3 Dodging
 + Level 0.6 Stealth
 + Level 2.0 Unarmed Combat
 + Level 1.0 Spellcasting
 + Level 4.6 Evocations


You had 4 spell levels left.
You knew the following spells:

 Your Spells              Type           Power      Damage    Failure   Level
a - Magic Dart            Conj           0%         1d3       36%         1

Your spell library contained the following spells:

 Spells                   Type           Power      Damage    Failure   Level
 Apportation              Tloc           0%         N/A       36%         1
 Necrotise                Necr           0%         1d4       36%         1
 Summon Small Mammal      Summ           0%         N/A       36%         1
 Searing Ray              Conj           0%         2d4       50%         2
 Fulminant Prism          Conj/Hex       0%         3d5       98%         4


Dungeon Overview and Level Annotations

Branches:
Dungeon (4/15)
 Temple: D:4-7

Altars:
Fedhas
Kikubaaqudgha
Makhleb
Vehumet

Annotations:
D:3 exclusion: statue


Innate Abilities, Weirdness & Mutations

Your serpentine skin is tough. (AC +1)
You have supernaturally acute eyesight. (SInv)
Armour fits poorly on your strangely shaped body.
Your system is resistant to poisons. (rPois)
You cover ground very slowly.
You can spit poison.
You have a snake-like lower body.


Message History

A giant cockroach comes into view.
An iguana comes into view.
Found a fizzy green potion.
Aiming: Spit Poison (1% risk of failure)
Press: ? - help, Shift-Dir - straight line, f - giant cockroach
Aim: a giant cockroach (59% to hit)
The splash of poison misses the giant cockroach.
The iguana hisses angrily.
Casting: Magic Dart (safe; 36% risk of failure)
Confirm with . or Enter, or press ? or * to list all spells.
Aiming: Magic Dart (safe; 36% risk of failure)
Press: ? - help, Shift-Dir - straight line, f/p - giant cockroach
Aim: a giant cockroach (100% to hit)
The magic dart hits the giant cockroach but does no damage.
Casting: Magic Dart (safe; 36% risk of failure)
Confirm with . or Enter, or press ? or * to list all spells.
Aiming: Magic Dart (safe; 36% risk of failure)
Press: ? - help, Shift-Dir - straight line, f/p - giant cockroach
Aim: a giant cockroach (100% to hit)
You miscast Magic Dart.
You are very lightly contaminated with residual magic.
Nothing appears to happen.
The giant cockroach bites you.
The giant cockroach bites you but does no damage.
You closely miss the giant cockroach. The giant cockroach barely misses you.
You hit the giant cockroach.
You kill the giant cockroach!
You have got your breath back.
You hit the iguana but do no damage. The iguana bites you.
You sock the iguana!
The iguana is heavily wounded.
The iguana bites you!
You hit the iguana but do no damage.
The iguana is heavily wounded.
The iguana bites you!
You barely miss the iguana.
The iguana is heavily wounded.
The iguana bites you!
* * * LOW HITPOINT WARNING * * *
The iguana bites you!
You die...

##............#
.#..............
#...............
.............#.##.
.......................
#.#...#.................
#.......................
........##......@.......
.........#......#l.....#
................##.....#
...#..#.#.......# ......
...#.##.##......# ...!.
...............## ....#
.............#..# ...#
.....#.....#..<## ####
.....#.....###.#


You could see an iguana.

Vanquished Creatures
  An adder (D:2)
  3 dart slugs
  An orc (D:3)
  7 bats
  11 endoplasms
  3 giant cockroaches
  5 goblins
  2 hobgoblins
  7 jackals (D:2)
  5 kobolds
  3 quokkas
  3 ball pythons (D:1)
  2 frilled lizards
  A rat (D:3)
54 creatures vanquished.

Notes
Turn   | Place    | Note
-------+----------+-------------------------------------------
     0 | D:1      | CaptainMV the Naga Wanderer began the quest for the Orb.
     0 | D:1      | CaptainMV set off with the following items: a +2
                  | quarterstaff, a scroll of fog, a wand of flame (5), a
                  | scroll of blinking, a +0 leather armour.
     0 | D:1      | Reached XP level 1. HP: 15/15 MP: 2/2
    95 | D:1      | Reached XP level 2. HP: 20/22 MP: 3/3
   501 | D:1      | Reached XP level 3. HP: 25/28 MP: 4/4
   957 | D:2      | Found a burning altar of Makhleb.
  1133 | D:2      | Reached XP level 4. HP: 36/36 MP: 5/5
  1231 | D:3      | Learned a level 1 spell: Magic Dart
  1357 | D:3      | Found a blossoming altar of Fedhas.
  1478 | D:3      | Found a radiant altar of Vehumet.
  1478 | D:3      | Noticed a frost-covered statue
  1517 | D:3      | Found an ancient bone altar of Kikubaaqudgha.
  1603 | D:4      | Mangled by an iguana

Illustrated notes

Levels and vault maps discovered:
D:1:      onia_arrival_pentagram, layout_basic, minmay_misc_feat_diagonals,
          minmay_cupped
D:2:      layout_rooms, basic_altar, serial_bayou, serial_bayou_pond_d,
          serial_bayou_shore_a, serial_bayou_pond_d, serial_bayou_shore_b
D:3:      layout_rooms, vehumet_statue, mainiacjoe_overflow_cross_hatched,
          lemuel_crystal_altar
D:4:      layout_cave_pools, serial_shops, shop

Skill      XL: |  1  2  3 |
---------------+----------+-----
Staves         | 3 |  3.2
Fighting       | |  0.2
Armour         | |  1.5
Dodging        | |  0.3
Stealth        | |  0.6
Unarmed Combat | |  2.0
Spellcasting   | |  1.0
Evocations     | |  4.6

Action                     |  1- 3 |  4- 6 || total
---------------------------+-------+-------++-------
  Melee: Quarterstaff      |   105 |    19 ||   124
   Cast: Magic Dart        |       |     7 ||     7
Ability: Spit Poison       |     6 |     7 ||    13
    Use: Scroll            |     5 |       ||     5
         Potion            |     1 |       ||     1
   Stab: Sleeping          |     1 |       ||     1
 Armour: Leather armour    |    47 |    11 ||    58
  Dodge: Dodged            |    67 |    12 ||    79
